 Dungeon Crawl Stone Soup version 0.30-a0-394-g3e4acdb0ae (webtiles) character file.

Game seed: 15806636503049527395

3533 flotson the Trooper (level 9, 71/71 HPs)
             Began as a Demonspawn Delver on Dec 6, 2022.
             Quit the game on level 8 of the Dungeon on Dec 7, 2022.
             The game lasted 00:13:49 (8171 turns).

flotson the Trooper (Demonspawn Delver)             Turns: 8171, Time: 00:13:50

Health: 71/71      AC: 12    Str: 16    XL:     9   Next: 82%
Magic:  9/9        EV: 24    Int: 11    God:
Gold:   502        SH: 13    Dex: 16    Spells: 8/8 levels left

rFire   + . .      SeeInvis +    o - +5 flail (protect)
rCold   . . .      Faith    .    D - +0 tower shield
rNeg    . . .      Spirit   .    O - +1 ring mail {rF+}
rPois   .          Reflect  .    (helmet unavailable)
rElec   .          Harm     .    (no cloak)
rCorr   .          Rampage  .    u - +0 pair of gloves
Will    .....                    v - +0 pair of boots
Stlth   ++........               p - amulet of the acrobat
HPRegen 0.31/turn                (no ring)
MPRegen 0.11/turn                (no ring)

@: acrobatic
A: antennae 3, molten scales 2, demonic guardian 1
a: no special abilities


You were on level 8 of the Dungeon.
You visited 2 branches of the dungeon, and saw 9 of its levels.
You also visited: Sewer.

You collected 502 gold pieces.

Inventory:

Hand Weapons
 k - a +1 whip of electrocution
 o - a +5 flail of protection (weapon)
 A - the +8 falchion of Accord {flame, +Blink Dex+2 SInv Stlth+}
   (You found it on level 3 of the Dungeon)

   It burns those it strikes, dealing additional fire damage.
   Big, fiery blades are also staple armaments of hydra-hunters.
   Dex:       It affects your dexterity (+2).
   SInv:      It lets you see invisible.
   +Blink:    It lets you blink.
   Stlth:     It makes you more stealthy.
Missiles
 l - 7 poisoned darts (quivered)
 F - 3 silver boomerangs
 H - 2 throwing nets
Armour
 u - a +0 pair of gloves (worn)
 v - a +0 pair of boots (worn)
 D - a +0 tower shield (worn)
 O - a +1 ring mail of fire resistance (worn)
Jewellery
 p - an amulet of the acrobat (around neck)
 x - the amulet "Fesk" {Faith Rampage rC- rCorr Str+7}
   (You found it on level 3 of the Dungeon)

   [amulet of faith]

   It allows you to gain divine favour quickly.
   Str:       It affects your strength (+7).
   rC:        It makes you vulnerable to cold.
   rCorr:     It protects you from acid and corrosion.
   Rampage:   It bestows one free step when moving towards enemies.
Wands
 b - a wand of charming (15)
 g - a wand of digging (3)
 N - a wand of polymorph (12)
Scrolls
 a - 9 scrolls of identify {unknown}
 c - 6 scrolls of fog
 d - a scroll of magic mapping
 e - a scroll of fear
 h - 2 scrolls of enchant weapon {unknown}
 i - a scroll of silence {unknown}
 m - a scroll of torment {unknown}
 q - 3 scrolls of blinking
 s - 3 scrolls of teleportation
 w - a scroll of enchant armour {unknown}
 y - a scroll of poison {unknown}
 z - a scroll of immolation {unknown}
 B - a scroll of noise {unknown}
 C - 2 scrolls of amnesia {unknown}
 I - a scroll of summoning {unknown}
Potions
 f - a potion of haste
 j - 4 potions of curing
 n - a potion of magic {unknown}
 r - 4 potions of attraction
 t - 2 potions of resistance {unknown}
 E - 4 potions of brilliance {unknown}
 J - a potion of degeneration {unknown}
 K - a potion of flight {unknown}
 L - a potion of berserk rage {unknown}
 M - 2 potions of heal wounds {unknown}
Miscellaneous
 G - a lightning rod (4/4)


   Skills:
 + Level 6.4 Fighting
 + Level 4.0 Long Blades
 - Level 1.7 Axes
 + Level 4.6 Throwing
 + Level 4.8 Armour
 + Level 5.2 Dodging
 - Level 5.0 Stealth
 + Level 3.9 Shields
 + Level 5.3 Evocations


You had 8 spell levels left.
You didn't know any spells.
Your spell library contained the following spells:

 Spells                   Type           Power      Damage    Failure   Level
 Sandblast                Erth           0%         2d4       100%        1
 Passwall                 Tmut/Erth      0%         N/A       100%        2
 Portal Projectile        Hex/Tloc       0%         N/A       100%        3
 Stone Arrow              Conj/Erth      0%         3d7       100%        3
 Tukima's Dance           Hex            0%         N/A       100%        3
 Blade Hands              Tmut           0%         N/A       100%        5


Dungeon Overview and Level Annotations

Branches:
Dungeon (8/15)             Temple (1/1) D:4            Lair (0/5) D:8
  Sewer (visited)

Altars:
Cheibriados
Dithmenos
Fedhas
Gozag
Kikubaaqudgha
Makhleb
Okawaru
Qazlal
Ru
Sif Muna
Trog
Uskayaw
Vehumet
Xom
Yredelemnul


Innate Abilities, Weirdness & Mutations

You have a pair of large antennae on your head. (SInv)
You are mostly covered in molten scales. (AC +3)
A weak demonic guardian rushes to your aid.


Message History

The orc is almost dead.
You block the orc's attack.
The orc wizard hits you but does no damage.
You hit the orc.
You kill the orc!
The orc wizard hits you but does no damage. x2
The orc wizard casts a spell at you.
You easily resist.
Things that are here:
a +0 club; an orc corpse You completely miss the orc wizard.
The orc wizard hits you but does no damage. x2
You sock the orc wizard!
The orc wizard is almost dead.
The orc wizard gestures at you while chanting.
The magic dart hits you.
The orc wizard casts a spell.
The orc wizard flickers and vanishes for a moment.
You sock the orc wizard!
You kill the orc wizard!
Items here: ( )) [ ††.
You now have 502 gold pieces (gained 10).
As you open the door, it creaks loudly!
Found a sacrificial altar of Ru.
Found an escape hatch in the floor.
a - 9 scrolls labelled YPHYTA YMAIZXO (gained 1)
There is an escape hatch in the floor here.
Found a stone staircase leading down.
Found a staircase to the Lair.
Found a leather armour.
A wyvern comes into view.
Options error: Bad pregen_dungeon value: true (should be classic, false or incremental) (~/.crawlrc:90) Welcome back, flotson the Demonspawn Delver.
Press ? for a list of commands and other information.
Unknown command.
Unknown command.
Unknown command.
Unknown command.
Unknown command.
Are you sure you want to abandon this character and quit the game? (Confirm with "yes".)

{{ #...##.##.....# #..##
{ #...##.##.....###....
{ ###.##.##...........#
#[..>..##.....##.....
###.#..............##
##..>............##
#................. .
#...##....####..## ..
#@..# ..........## ..#
#..................#.
#..
..........##..........#.
..........# #.#........
...####...# .####...#.
.. #.... ........#. .
#.#... ........##
l...##. ..#.....## .
###.....


You could see a wyvern (asleep).

Vanquished Creatures
  A troll (D:4)
  The ghost of PimpSugar the Magician, an amateur DsHW of Vehumet (D:3)
  3 water moccasins
  An orc warrior (D:7)
  2 sky beasts (D:7)
  3 centaurs
  5 phantoms
  5 bullfrogs
  2 gnoll sergeants
  4 scorpions
  2 necrophages
  A howler monkey (D:6)
  7 orc priests
  A gnoll bouda (D:6)
  3 jellies
  A bullfrog skeleton (D:3)
  2 iguanas
  5 orc wizards
  15 gnolls
  11 adders
  2 white imps (D:7)
  An ufetubus (D:4)
  2 worms
  4 dart slugs
  17 orcs
  14 endoplasms
  17 giant cockroaches
  5 hobgoblins
  5 jackals
  14 quokkas
  7 ball pythons
  2 bats
  15 frilled lizards
  11 goblins
  5 kobolds
  5 rats
201 creatures vanquished.

Vanquished Creatures (collateral kills)
  A water moccasin (D:7)
  A wyvern zombie (D:3)
  An orc priest (D:5)
  A gnoll (D:8)
  3 orcs
7 creatures vanquished.

Vanquished Creatures (others)
  An orc wizard (D:6)
1 creature vanquished.

Grand Total: 209 creatures vanquished

Notes
Turn   | Place    | Note
-------+----------+-------------------------------------------
     0 | D:5      | flotson the Demonspawn Delver began the quest for the Orb.
     0 | D:5      | Reached XP level 1. HP: 18/18 MP: 1/1
    45 | D:5      | Noticed a phantom
    47 | D:5      | Noticed a scorpion
   192 | D:4      | Gained mutation: A weak demonic guardian rushes to your
                  | aid. [demonic ancestry]
   192 | D:4      | Reached XP level 2. HP: 24/24 MP: 2/2
   326 | D:3      | Found a faded altar of an unknown god.
   566 | D:1      | Reached XP level 3. HP: 29/29 MP: 3/3
   606 | D:1      | Reached skill level 1 in Evocations
   650 | D:1      | Reached skill level 1 in Armour
  1553 | D:2      | Gained mutation: You are partially covered in molten
                  | scales. (AC +2) [demonic ancestry]
  1553 | D:2      | Reached XP level 4. HP: 35/35 MP: 4/4
  1951 | D:3      | Identified the amulet "Fesk" {Faith Rampage rC- rCorr
                  | Str+7}
  2103 | D:3      | Identified the +8 falchion of Accord {flame, +Blink Dex+2
                  | SInv Stlth+}
  2220 | D:3      | Noticed a phantom
  2233 | D:3      | Killed a phantom
  2234 | D:3      | Reached skill level 1 in Throwing
  2234 | D:3      | Reached skill level 5 in Stealth
  2234 | D:3      | Gained mutation: You are mostly covered in molten scales.
                  | (AC +3) [demonic ancestry]
  2234 | D:3      | Reached XP level 5. HP: 39/42 MP: 5/5
  2276 | D:3      | Found a runed translucent gate.
  2276 | D:3      | Found a runed translucent gate.
  2276 | D:3      | Found a runed translucent gate.
  2277 | D:3      | Noticed PimpSugar's ghost (amateur DsHW)
  2551 | D:3      | Killed PimpSugar's ghost
  2552 | D:3      | Reached skill level 4 in Fighting
  2552 | D:3      | Gained mutation: You have a pair of small antennae on your
                  | head. [demonic ancestry]
  2552 | D:3      | Reached XP level 6. HP: 23/48 MP: 6/6
  2556 | D:3      | HP: 1/48 [wyvern zombie (7)]
  3262 | D:4      | Found a staircase to the Ecumenical Temple.
  3274 | Temple   | Entered the Ecumenical Temple
  3424 | D:4      | Reached XP level 7. HP: 51/55 MP: 7/7
  3437 | D:4      | Found a basalt altar of Yredelemnul.
  3685 | D:5      | Noticed a troll
  3696 | D:4      | Killed a troll
  3697 | D:4      | Reached skill level 1 in Long Blades
  3697 | D:4      | Reached skill level 1 in Shields
  3841 | D:4      | HP: 2/55 [gnoll/+0 whip (2)]
  4158 | D:5      | HP: 2/55 [orc/+0 dagger (2)]
  4417 | D:5      | Gained mutation: You have a pair of antennae on your head.
                  | [demonic ancestry]
  4417 | D:5      | Reached XP level 8. HP: 55/61 MP: 8/8
  4607 | D:5      | Reached skill level 5 in Fighting
  4667 | D:5      | Found a hide-covered altar of Uskayaw.
  4835 | D:6      | Found a glowing drain.
  4845 | Sewer    | Entered a sewer
  5528 | D:6      | Found an opulent altar of Gozag.
  5894 | D:6      | Gained mutation: You have a pair of large antennae on your
                  | head. (SInv) [demonic ancestry]
  5894 | D:6      | Reached XP level 9. HP: 68/68 MP: 9/9
  6650 | D:7      | Identified the +1 scale mail of Cheibriados's Pride {+Blink
                  | Str-5 Int+3 Slay+3}
  6980 | D:7      | Reached skill level 6 in Fighting
  6980 | D:7      | Reached skill level 5 in Dodging
  7071 | D:7      | Reached skill level 5 in Evocations
  7202 | D:7      | Found a shimmering blue altar of Sif Muna.
  7323 | D:8      | Found a shadowy altar of Dithmenos.
  8047 | D:8      | Found a sacrificial altar of Ru.
  8160 | D:8      | Found a staircase to the Lair.
  8171 | D:8      | Upgraded the game from 0.30-a0-393-g54b8e3be05 to
                  | 0.30-a0-394-g3e4acdb0ae
  8171 | D:8      | Quit the game

Illustrated notes

Levels and vault maps discovered:
D:1:      psy_arrival_dodecagon, layout_loops_corners, minmay_cut_off
D:2:      layout_loops_ring
D:3:      minmay_door_path, layout_basic, nicolae_ecumenical_pavilion,
          gammafunk_ghost_necromancy
D:4:      layout_loops_ring, mainiacjoe_overflow_alcove_1,
          minmay_temple_entry_slanted
D:5:      layout_loops_ring, mainiacjoe_overflow_alcove_4
D:6:      layout_gridville, mainiacjoe_overflow_catwalk, portal_sewer_entry_f
D:7:      layout_cave_pools, tgw_sif, lemuel_crystal_altar
D:8:      layout_basic, old_standard_altar, kennysheep_mini,
          nicolae_hepliaklqana_hippocampus
Temple:   cyrus_temple_forest

Skill      XL: |  1  2  3  4  5  6  7  8  9 |
---------------+----------------------------+-----
Dodging        | 2 3 4 5 |  5.2
Evocations     | 1 2 3 4 5 |  5.3
Armour         | 1 2 3 4 |  4.8
Throwing       | 1 2 3 4 |  4.6
Stealth        | 5 |  5.0
Fighting       | 4 5 6 |  6.4
Long Blades    | 1 3 4 |  4.0
Shields        | 1 2 3 |  3.9
Axes           | |  1.7

Action                   |  1- 3 |  4- 6 |  7- 9 || total
-------------------------+-------+-------+-------++-------
Melee: Hand axe          |    18 |       |       ||    18
       Whip              |   107 |    19 |       ||   126
       Falchion          |       |    49 |   356 ||   405
       Flail             |       |       |    73 ||    73
Throw: Dart              |       |       |     5 ||     5
 Abil: Evoke Blink       |       |       |     1 ||     1
  Use: Potion            |       |       |     4 ||     4
       Scroll            |       |       |     2 ||     2
 Stab: Sleeping          |    12 |     5 |    11 ||    28
       Distracted        |       |     1 |     1 ||     2
Armor: Leather armour    |    16 |       |       ||    16
       Ring mail         |    30 |    26 |   220 ||   276
       Scale mail        |       |       |    10 ||    10
Dodge: Dodged            |    91 |    27 |   176 ||   294
Block: Tower shield      |       |     8 |   432 ||   440

Table legend: (Time is in decaauts)
 A = Elapsed time spent in this place.
 B = Non-inter-level travel time spent in this place.
 C = Inter-level travel time spent in this place.
 D = Time resting spent in this place.
 E = Time spent auto-exploring this place.
 F = Levels seen in this place.
 G = Mean time per level.
                   A        B        C        D        E       F      G
               +--------+--------+--------+--------+--------+-----+--------+
         Total |   8525 |   8256 |    269 |    529 |   5667 |  10 |  852.5 |
       Dungeon |   7915 |   7686 |    229 |    529 |   5475 |   8 |  989.4 |
        Temple |     84 |     44 |     40 |      0 |     38 |   1 |   84.0 |
         Sewer |    525 |    525 |      0 |      0 |    154 |   1 |  525.0 |
               +--------+--------+--------+--------+--------+-----+--------+

Top non-repeatable levels by time:
     D:4: 1388 daAuts
     D:7: 1383 daAuts
     D:3: 994 daAuts
     D:6: 977 daAuts
     D:5: 873 daAuts
     D:1: 845 daAuts
     D:8: 754 daAuts
     D:2: 698 daAuts
   Sewer: 525 daAuts
  Temple: 84 daAuts
